 Dungeon Sprint DCSS version 0.29-a0-925-g0a7a3d12f8 (webtiles) character file.

Game seed: 5314467595455205555

2442 Hipnos the Carver (level 9, -11/79 HPs)
             Began as a Gnoll Chaos Knight on July 29, 2022.
             Was a Plaything of Xom.
             Shot with a bolt by a yaktaur captain (22 damage)
             ... in the Dungeon (Sprint II: "The Violet Keep of Menkaure").
             The game lasted 00:10:08 (2832 turns).

Hipnos the Carver (Gnoll Chaos Knight)              Turns: 2832, Time: 00:10:12

Health: -11/79     AC:  2    Str: 11    XL:     9   Next: 49%
Magic:  10/21      EV: 25    Int: 16    God:    Xom [..*...]
Gold:   49         SH:  0    Dex: 17    Spells: 4/24 levels left

rFire   . . .      SeeInvis .     - Unarmed
rCold   . . .      Faith    .   (shield currently unavailable)
rNeg    . . .      Spirit   .   (body armour currently unavailable)
rPois   x          Reflect  .   (helmet currently unavailable)
rElec   .          Harm     .   (cloak currently unavailable)
rCorr   .          Rampage  .   (gloves currently unavailable)
Will    .....      NoTele   +   (boots currently unavailable)
Stlth   ++++......              (no amulet)
HPRegen 0.23/turn               (no ring)
MPRegen 0.17/turn               (no ring)

@: spider-form, radiating poison
A: venomous fangs, tiny, (fangs 1), strong nose, distributed training
a: End Transformation, Renounce Religion


You were in the Dungeon.
You worshipped Xom.
You were a toy of Xom.
You were a venomous arachnid creature.
You visited 1 branch You collected 972 gold pieces.
You spent 923 gold pieces at shops.

Inventory:

Hand Weapons
 a - a +0 falchion of chaos
 d - a +6 vorpal spear (melded)
Armour
 b - a +2 leather armour (melded)
Potions
 f - a potion of haste
 g - 2 potions of magic
Miscellaneous
 c - a piece from Xom's chessboard (15/15) (quivered)


   Skills:
 + Level 10.4 Fighting
 + Level 8.0 Short Blades
 + Level 10.4 Long Blades
 + Level 8.0 Axes
 + Level 8.0 Maces & Flails
 + Level 8.0 Polearms
 + Level 8.0 Staves
 + Level 8.0 Ranged Weapons
 + Level 8.0 Throwing
 + Level 9.3 Armour
 + Level 8.5 Dodging
 + Level 8.0 Stealth
 + Level 8.0 Shields
 + Level 8.0 Unarmed Combat
 + Level 8.0 Spellcasting
 + Level 6.7 Conjurations
 + Level 6.7 Hexes
 + Level 6.7 Summonings
 + Level 6.7 Necromancy
 + Level 6.7 Translocations
 + Level 6.7 Transmutations
 + Level 6.7 Fire Magic
 + Level 6.7 Ice Magic
 + Level 6.7 Air Magic
 + Level 6.7 Earth Magic
 + Level 6.7 Poison Magic
 + Level 8.8 Invocations
 + Level 8.0 Evocations


You had 4 spell levels left.
You knew the following spells:

 Your Spells              Type           Power      Damage    Failure   Level
a - Olgreb's Toxic Radia  Pois           28%        N/A       19%         4
b - Ozocubu's Refrigerat  Ice            14%        4d7       100%        7
c - Ensorcelled Hibernat  Hex/Ice        56%        N/A       5%          2
d - Spider Form           Tmut/Pois      28%        N/A       8%          3
e - Anguish               Hex/Necr       14%        N/A       19%         4

Your spell library contained the following spells:

 Spells                   Type           Power      Damage    Failure   Level
 Ignition                 Fire           14%        3d6       100%        8


Dungeon Overview and Level Annotations

Branches:
Dungeon (1/1)

Altars:
Cheibriados
Hepliaklqana

Shops:
D :(?!?=:[:[?=!?=

Annotations:
D exclusion: oklob plant, Roxanne


Innate Abilities, Weirdness & Mutations

You are a venomous arachnid creature.
You have poisonous fangs.
You are tiny and dextrous.
Your spellcasting is less reliable in this form.
Your armour is entirely melded.
You are incapable of wielding weapons or throwing items.
((You have very sharp teeth.))
Your uncanny sense of smell can sniff out nearby items.
Your experience applies equally to all skills.


Message History

You hear a deafening roar!
You continue memorising. x2
You finish memorising.
Spell assigned to 'e'.
Okay, then.
A yaktaur captain comes into view.
A yaktaur captain is nearby!
A yaktaur captain is nearby!
A skeletal warrior comes into view. It is wielding a +0 short sword.
Casting: Olgreb's Toxic Radiance (dangerous; 9% risk of failure)
Confirm with . or Enter, or press ? or * to list all spells.
Okay, then.
You close the door.
There is an entrance to Naroy's Magic Scroll Emporium here.
A yaktaur captain breaks down the door.
There is an entrance to Zimuogho's Antique Armour Shoppe here.
Casting: Olgreb's Toxic Radiance (dangerous; 9% risk of failure)
Confirm with . or Enter, or press ? or * to list all spells.
Okay, then.
Casting: Olgreb's Toxic Radiance (dangerous; 9% risk of failure)
Confirm with . or Enter, or press ? or * to list all spells.
You begin to radiate toxic energy.
The yaktaur captain is poisoned.
The yaktaur captain looks even sicker.
Xom's power almost touches on you for a moment.
The water in the fountain briefly swirls.
Casting: Olgreb's Toxic Radiance (dangerous; 9% risk of failure)
Confirm with . or Enter, or press ? or * to list all spells.
Your toxic radiance grows in intensity.
The yaktaur captain wields a +0 arbalest.
The yaktaur captain shoots a bolt.
The bolt hits you!!!
Ouch! That really hurt!
* * * LOW HITPOINT WARNING * * *
Okay, then.
Casting: Olgreb's Toxic Radiance (dangerous; 9% risk of failure)
Confirm with . or Enter, or press ? or * to list all spells.
You turn into a venomous arachnid creature.
Your +6 vorpal spear melds into your body.
Your +2 leather armour melds into your body.
The yaktaur captain shoots a bolt.
The bolt hits you!!
You die...
Xom is highly amused!

###########≈≈≈.........
##.....∩.∩#≈≈≈≈.##'##..
##....∩.∩.#≈≈≈≈##.#.##.
##...∩....#≈≈≈≈#..#..#.
##..∩.∩...#z≈####...###
##.⌠.∩....#≈##.###'###.
##..∩.∩...#≈#...##.##..
##...∩.∩..c≈'###'.<.'##
##....s.∩.#≈#...##.##..
#▓▓▓▓▓▓▓###≈##.###'###.
##HGG######≈≈####...###


#:HH#SS ##≈≈≈#..#).#≈ #∩PG+S∆ #'#≈##...##≈ #?$.#$# #[#≈≈##'##≈≈ #(..
z####≈≈§°≈≈≈≈ ##+# zzz ∆#+++#°'°# d∆ zz z #≈≈°°°≈≈# You could see a yaktaur
captain (very poisoned), a skeletal warrior, 3 shining eyes, an oklob plant and
3 manticores.

Vanquished Creatures
  2 boulder beetles (D)
  A merfolk siren (D)
  A blink frog (D)
  Menkaure (D)
  4 necrophages (D)
  4 scorpions (D)
  4 lava snakes (D)
17 creatures vanquished.

Vanquished Creatures (others)
  A water moccasin (D)
1 creature vanquished.

Grand Total: 18 creatures vanquished

Notes
Turn   | Place    | Note
-------+----------+-------------------------------------------
     0 | D        | Hipnos the Gnoll Chaos Knight began the quest for the Orb.
     0 | D        | Reached XP level 1. HP: 23/23 MP: 1/1
    34 | D        | Killed a water moccasin
   308 | D        | Noticed a boulder beetle
   308 | D        | Noticed a boulder beetle
   311 | D        | Noticed a necrophage
   311 | D        | Noticed a necrophage
   311 | D        | Noticed a necrophage
   311 | D        | Noticed a necrophage
   313 | D        | XOM: potion effect (haste)
   314 | D        | Killed a necrophage
   315 | D        | Reached skill level 5 in Armour
   315 | D        | Reached XP level 2. HP: 31/31 MP: 1/5
   315 | D        | Reached XP level 3. HP: 36/36 MP: 1/6
   315 | D        | Reached XP level 4. HP: 43/43 MP: 1/7
   320 | D        | Killed a necrophage
   321 | D        | Reached XP level 5. HP: 48/48 MP: 1/9
   333 | D        | Reached skill level 5 in Dodging
   333 | D        | Reached XP level 6. HP: 56/56 MP: 2/12
   364 | D        | XOM: divination: detect creatures
   431 | D        | Reached skill level 5 in Invocations
   446 | D        | Reached skill level 5 in Short Blades
   446 | D        | Reached skill level 5 in Axes
   446 | D        | Reached skill level 5 in Maces & Flails
   446 | D        | Reached skill level 5 in Polearms
   446 | D        | Reached skill level 5 in Staves
   446 | D        | Reached skill level 5 in Ranged Weapons
   446 | D        | Reached skill level 5 in Throwing
   446 | D        | Reached skill level 5 in Stealth
   446 | D        | Reached skill level 5 in Shields
   446 | D        | Reached skill level 5 in Unarmed Combat
   446 | D        | Reached skill level 5 in Spellcasting
   446 | D        | Reached skill level 5 in Evocations
   453 | D        | Reached XP level 7. HP: 27/63 MP: 13/15
   571 | D        | XOM: silly message
   670 | D        | Noticed a merfolk siren
   680 | D        | Killed a merfolk siren
   681 | D        | Reached skill level 5 in Conjurations
   681 | D        | Reached skill level 5 in Hexes
   681 | D        | Reached skill level 5 in Summonings
   681 | D        | Reached skill level 5 in Necromancy
   681 | D        | Reached skill level 5 in Translocations
   681 | D        | Reached skill level 5 in Transmutations
   681 | D        | Reached skill level 5 in Fire Magic
   681 | D        | Reached skill level 5 in Ice Magic
   681 | D        | Reached skill level 5 in Air Magic
   681 | D        | Reached skill level 5 in Earth Magic
   681 | D        | Reached skill level 5 in Poison Magic
   694 | D        | Found Naroy's Magic Scroll Emporium.
   694 | D        | Found Roano's Jewellery Shoppe.
   695 | D        | Found Zimuogho's Antique Armour Shoppe.
   695 | D        | Found Lagefuaqi's Book Emporium.
   695 | D        | Found Sixyich's Antique Armour Shoppe.
   696 | D        | Found Hafagob's Jewellery Emporium.
   696 | D        | Found Ecwaypuw's Magic Scroll Shoppe.
   696 | D        | Found Nunitoru's Distillery.
   697 | D        | Found Elomp's Magic Scroll Shoppe.
   697 | D        | Found Xyreulet's Antique Weapon Emporium.
   697 | D        | Found Utte's Distillery.
   697 | D        | Found Ceuraewn's Book Emporium.
   697 | D        | Noticed a shining eye
   698 | D        | Found Bung's Jewellery Shoppe.
   698 | D        | Found Rotrofet's Magic Scroll Emporium.
   700 | D        | Noticed Menkaure
   700 | D        | Noticed a shining eye
   700 | D        | Noticed a shining eye
   700 | D        | Noticed an oklob plant
   701 | D        | Found Xockul's Book Shoppe.
   702 | D        | Noticed a manticore
   703 | D        | Noticed a manticore
   703 | D        | Noticed a manticore
   705 | D        | Bought the Unrestrained Analects for 572 gold pieces
   710 | D        | Learned a level 4 spell: Olgreb's Toxic Radiance
   716 | D        | XOM: butterfly on damage
   721 | D        | Killed Menkaure
   722 | D        | Reached XP level 8. HP: 53/71 MP: 9/17
   731 | D        | Learned a level 7 spell: Ozocubu's Refrigeration
   740 | D        | XOM: polymorph butterfly -> hobgoblin
   781 | D        | Bought a potion of flight for 39 gold pieces
   805 | D        | Found a hazy altar of Hepliaklqana.
   904 | D        | Identified Roxanne's Compendium of the Quarry
   904 | D        | Noticed Roxanne
   923 | D        | Noticed a blink frog
   936 | D        | Killed a blink frog
  1009 | D        | Killed a boulder beetle
  1010 | D        | Reached XP level 9. HP: 40/78 MP: 1/20
  1023 | D        | Killed a boulder beetle
  1024 | D        | Reached skill level 10 in Fighting
  1024 | D        | Reached skill level 10 in Long Blades
  2246 | D        | XOM: potion effect (curing)
  2249 | D        | XOM: potion effect (curing)
  2582 | D        | Found a snail-covered altar of Cheibriados.
  2807 | D        | Bought a book of Dreams for 312 gold pieces
  2812 | D        | Learned a level 2 spell: Ensorcelled Hibernation
  2816 | D        | Learned a level 3 spell: Spider Form
  2817 | D        | XOM: noise
  2821 | D        | Learned a level 4 spell: Anguish
  2821 | D        | Noticed a yaktaur captain
  2823 | D        | Noticed a skeletal warrior
  2830 | D        | XOM: silly message
  2832 | D        | Shot with a bolt by a yaktaur captain

Illustrated notes

Levels and vault maps discovered:
D:        the_violet_keep_of_menkaure [sprint2_stairs_cluster_1,
          sprint2_shoproom, sprint2_temple, sprint2_basic_supplies,
          sprint2_obstacle_5, sprint2_obstacle_7, sprint2_obstacle_6,
          sprint2_obstacle_1, sprint2_obstacle_4, sprint2_timed_cluster_1,
          sprint2_smallroom_cluster_1, sprint2_smallroom_final_cluster_1,
          sprint2_transparent_cluster_1, sprint2_second_timed_cluster_1,
          sprint2_sniper_area_1, sprint2_heavy_combat_area_1,
          sprint2_mutation_trap_area_1, sprint2_forest_area_1,
          sprint2_light_combat_area_1, sprint2_behind_water_1,
          sprint2_near_end_vault_1]

Skill      XL: |  1  2  3  4  5  6  7  8  9 |
---------------+----------------------------+-----
Fighting       | 7 8 9 10 | 10.4
Short Blades   | 2 3 4 5 6 7 8 |  8.0
Long Blades    | 7 8 9 10 | 10.4
Axes           | 2 3 4 5 6 7 8 |  8.0
Maces & Flails | 2 3 4 5 6 7 8 |  8.0
Polearms       | 2 3 4 5 6 7 8 |  8.0
Staves         | 2 3 4 5 6 7 8 |  8.0
Ranged Weapons | 2 3 4 5 6 7 8 |  8.0
Throwing       | 2 3 4 5 6 7 8 |  8.0
Armour         | 5 6 7 8 9 |  9.3
Dodging        | 3 4 5 6 7 8 |  8.5
Stealth        | 2 3 4 5 6 7 8 |  8.0
Shields        | 2 3 4 5 6 7 8 |  8.0
Unarmed Combat | 2 3 4 5 6 7 8 |  8.0
Spellcasting   | 2 3 4 5 6 7 8 |  8.0
Conjurations   | 2 3 4 5 6 |  6.7
Hexes          | 2 3 4 5 6 |  6.7
Summonings     | 2 3 4 5 6 |  6.7
Necromancy     | 2 3 4 5 6 |  6.7
Translocations | 2 3 4 5 6 |  6.7
Transmutations | 2 3 4 5 6 |  6.7
Fire Magic     | 2 3 4 5 6 |  6.7
Ice Magic      | 2 3 4 5 6 |  6.7
Air Magic      | 2 3 4 5 6 |  6.7
Earth Magic    | 2 3 4 5 6 |  6.7
Poison Magic   | 2 3 4 5 6 |  6.7
Invocations    | 2 3 4 5 7 8 |  8.8
Evocations     | 2 3 4 5 6 7 8 |  8.0

Action                   |  1- 3 |  4- 6 |  7- 9 || total
-------------------------+-------+-------+-------++-------
Melee: Falchion          |     2 |    51 |    12 ||    65
       Bite              |     1 |     3 |     2 ||     6
       Spear             |       |       |    13 ||    13
 Cast: Olgreb's Toxic Ra |       |       |    19 ||    19
       Spider Form       |       |       |     1 ||     1
  Use: Potion            |     1 |     2 |     1 ||     4
       Scroll            |       |       |     1 ||     1
Armor: Leather armour    |       |     9 |       ||     9
Dodge: Dodged            |       |    18 |    13 ||    31

Table legend: (Time is in decaauts)
 A = Elapsed time spent in this place.
 B = Non-inter-level travel time spent in this place.
 C = Inter-level travel time spent in this place.
 D = Time resting spent in this place.
 E = Time spent auto-exploring this place.
 F = Levels seen in this place.
 G = Mean time per level.
                   A        B        C        D        E       F      G
               +--------+--------+--------+--------+--------+-----+--------+
         Total |   2861 |   2861 |      0 |   2360 |      0 |   1 | 2861.0 |
       Dungeon |   2861 |   2861 |      0 |   2360 |      0 |   1 | 2861.0 |
               +--------+--------+--------+--------+--------+-----+--------+

Top non-repeatable levels by time:
       D: 2861 daAuts
